[Event "Team 45 45 League T38"]
[Site "Internet Chess Club"]
[Date "2008.08.17"]
[Round "4"]
[White "chessateer"]
[Black "irock"]
[Result "0-1"]
[WhiteElo "1828"]
[BlackElo "1748"]
[Opening "Sicilian: closed"]
[ECO "B23"]
[Time "08:55:18"]
[TimeControl "2700+45"]

1. e4 c5 2. Nc3 g6 3. f4 Bg7 4. Nf3 Nc6 5. Bb5 Nd4 6. d3 a6 7. Bc4 e6 8. a4 Ne7
9. O-O O-O 10. Ne2 d5 11. Ba2 b6 12. Nexd4 cxd4 13. Qe1 Nc6 14. f5 Re8 15. fxg6
hxg6 16. Qg3 Bb7 17. Bg5 f6 18. Bf4 g5 19. Bxg5 fxg5 20. Nxg5 Nb4 21. Qh4 Bh6
22. Qxh6 Re7 23. Nxe6 Qd7 24. Qg6+ Kh8 25. Rf3 Qxe6 26. Rh3+ Qxh3 27. gxh3 Rg7
28. Qxg7+ Kxg7 29. Bxd5 Nxd5 30. exd5 Bxd5 31. a5 b5 32. c3 Rh8 33. cxd4 Rxh3
34. Re1 Rxd3 35. Re7+ Bf7 36. Ra7 Rxd4 37. Rxa6 Ra4 38. Rb6 Rxa5 39. b4 Ra1+ 40.
Kf2 Bc4 41. h4 Rb1 42. h5 Rxb4 43. h6+ Kh7 44. Ke3 Bf1 45. Kd2 Rh4 46. Kc3 Rxh6
47. Rb7+ Kg6 48. Rb8 Bc4 49. Rf8 Rh3+ 50. Kb4 Rb3+ 51. Kc5 Kg5 52. Rf2 Kg4 53.
Rf8 Rf3 54. Re8 Kf4 55. Re7 Re3 56. Rh7 Ke4 57. Rh4+ Kd3 58. Kb4 Kc2 59. Rh2+
Re2 60. Rh3 Bd3 61. Rg3 Re4+ 62. Ka3 Ra4# {White checkmated} 0-1

[Event "Team 45 45 League T38"]
[Site "Internet Chess Club"]
[Date "2008.08.17"]
[Round "4"]
[White "Fegary"]
[Black "Solfege"]
[Result "1-0"]
[WhiteElo "2046"]
[BlackElo "1900"]
[Opening "Pirc: classical (two knights) system"]
[ECO "B08"]
[Time "13:02:27"]
[TimeControl "2700+45"]

1. e4 g6 2. d4 d6 3. Nf3 Nf6 4. Nc3 c6 5. Be2 Bg7 6. O-O O-O 7. Re1 Nbd7 8. Bf4
Qb6 9. Qd3 Re8 10. a4 e5 11. a5 Qc7 12. dxe5 Nxe5 13. Nxe5 dxe5 14. Bg5 Be6 15.
Qe3 b5 16. axb6 axb6 17. Red1 Rf8 18. Na4 c5 19. c4 Rfe8 20. Nc3 Qb7 21. Nd5
Rxa1 22. Rxa1 Nd7 23. Qa3 h6 24. Bd2 Nf6 25. Qa6 Bxd5 26. exd5 Qb8 27. Qa7 Qd6
28. Ra6 Nd7 29. Bd1 Rc8 30. Ba4 Rc7 31. Qa8+ Kh7 32. Qe8 Nf6 33. Qb8 Nd7 34.
Bxd7 Rxd7 35. Qxd6 Rxd6 36. Ba5 Rf6 37. Rxb6 Rf4 38. b3 Rd4 39. Kf1 e4 40. Rb7
Rd1+ 41. Ke2 Ra1 42. b4 Ra2+ 43. Ke3 Ra3+ 44. Kxe4 f5+ 45. Kf4 Rc3 46. d6 Rxc4+
47. Kf3 Rc3+ 48. Ke2 Rc2+ 49. Kd3 Rc3+ 50. Kd2 Rc4 51. d7 Rd4+ 52. Kc2 {Black
resigns} 1-0

[Event "Team 45 45 League T38"]
[Site "Internet Chess Club"]
[Date "2008.08.17"]
[Round "4"]
[White "Karpyan"]
[Black "upsan"]
[Result "1-0"]
[WhiteElo "1849"]
[BlackElo "1919"]
[Opening "Dutch defense, Rubinstein variation"]
[ECO "A40"]
[Time "09:01:13"]
[TimeControl "2700+45"]

1. d4 e6 2. c4 f5 3. Nc3 Nf6 4. Bg5 Be7 5. Bxf6 Bxf6 6. e4 fxe4 7. Nxe4 O-O 8.
Nf3 d5 9. Nc3 c5 10. cxd5 exd5 11. Be2 c4 12. O-O Bf5 13. Rc1 Nc6 14. Nxd5 b5
15. Nxf6+ Rxf6 16. a4 a6 17. b3 Rd6 18. bxc4 Nxd4 19. Nxd4 Rxd4 20. Qb3 Be6 21.
axb5 axb5 22. Qxb5 Qc7 23. c5 Rb8 24. Qa6 Bc8 25. Qa2+ Kh8 26. Bf3 Rbb4 27. Rfe1
h6 28. Re8+ Kh7 29. Qg8+ Kg6 30. Rxc8 Qf4 31. Rc6+ {Black resigns} 1-0

[Event "Team 45 45 League T38"]
[Site "Internet Chess Club"]
[Date "2008.08.14"]
[Round "4"]
[White "qs16"]
[Black "Konstantinos"]
[Result "1-0"]
[WhiteElo "1734"]
[BlackElo "1660"]
[Opening "QGD semi-Slav"]
[ECO "D43"]
[Time "06:00:25"]
[TimeControl "2700+45"]

1. d4 d5 2. c4 c6 3. Nc3 Nf6 4. Nf3 e6 5. Bg5 Be7 6. e3 b6 7. cxd5 cxd5 8. Bd3
O-O 9. O-O Nc6 10. Rc1 Bb7 11. a3 Rc8 12. Bb1 Na5 13. Ne5 h6 14. Bxf6 Bxf6 15.
Qc2 Re8 16. Qh7+ Kf8 17. f4 Nc4 18. Rf3 Nd2 19. Rh3 Nxb1 20. Rxb1 Ba6 21. Rd1
Ke7 22. Qc2 Rh8 23. Qa4 Bxe5 24. fxe5 Bb7 25. Qxa7 Qd7 26. Qxb6 Qc6 27. Qb4+ Kd8
28. Rf1 Qd7 29. Rhf3 Rc4 30. Qa5+ Ke8 31. Nb5 {Black resigns} 1-0

[Event "Team 45 45 League T38"]
[Site "Internet Chess Club"]
[Date "2008.08.16"]
[Round "4"]
[White "RealChosenOne"]
[Black "oldsj"]
[Result "1-0"]
[WhiteElo "1724"]
[BlackElo "1586"]
[Opening "Ruy Lopez: open, Howell attack"]
[ECO "C81"]
[Time "09:01:14"]
[TimeControl "2700+45"]

1. e4 e5 2. Nf3 Nc6 3. Bb5 a6 4. Ba4 Nf6 5. O-O Nxe4 6. d4 b5 7. Bb3 d5 8. dxe5
Be6 9. Qe2 Be7 10. Rd1 f5 11. exf6 Bxf6 12. c4 bxc4 13. Bxc4 O-O 14. Bxa6 Nb4
15. Bc4 Qe7 16. Bb3 Nc5 17. Na3 Bg4 18. Qxe7 Bxe7 19. Bxd5+ Nxd5 20. Rxd5 Bxf3
21. gxf3 Rxf3 22. Be3 Ne4 23. Nc4 Bh4 24. Nd2 Nxd2 25. Rxd2 Raf8 26. Rc1 R8f7
27. a4 Be7 28. Rxc7 R3f6 29. Rdd7 Bd6 30. Rxf7 Rxf7 31. Rxf7 Kxf7 32. f4 Ke6 33.
a5 Kd5 34. a6 Bb8 35. a7 Bxa7 36. Bxa7 Kc4 37. Kf2 Kd3 38. Kf3 g6 39. Kg4 h6 40.
h4 {Black resigns} 1-0

[Event "Team 45 45 League T38"]
[Site "Internet Chess Club"]
[Date "2008.08.15"]
[Round "4"]
[White "GolfSuper"]
[Black "catrasca"]
[Result "0-1"]
[WhiteElo "1610"]
[BlackElo "1694"]
[Opening "French: Winawer, advance variation"]
[ECO "C16"]
[Time "18:00:33"]
[TimeControl "2700+45"]

1. e4 e6 2. d4 d5 3. Nc3 Bb4 4. e5 Ne7 5. a3 Bxc3+ 6. bxc3 b6 7. Bb5+ Bd7 8. Bd3
Ng6 9. a4 c5 10. Nf3 cxd4 11. cxd4 Nc6 12. Bd2 Rc8 13. O-O O-O 14. Re1 Nce7 15.
g4 Qe8 16. c3 f5 17. exf6 Rxf6 18. Ne5 Nxe5 19. Rxe5 Ng6 20. Bxg6 Qxg6 21. h3
Qf7 22. Re2 Rf3 23. Kg2 h5 24. Qe1 Rf8 25. Be3 e5 26. dxe5 Qg6 27. e6 hxg4 28.
exd7 gxh3+ {White resigns} 0-1

[Event "Team 45 45 League T38"]
[Site "Internet Chess Club"]
[Date "2008.08.16"]
[Round "4"]
[White "Heraclitus"]
[Black "Berkshires"]
[Result "1-0"]
[WhiteElo "1571"]
[BlackElo "1406"]
[Opening "Hungarian defense"]
[ECO "C50"]
[Time "12:30:56"]
[TimeControl "2700+45"]

1. e4 e5 2. Nf3 Nc6 3. Bc4 Be7 4. d4 d6 5. h3 Nf6 6. Nc3 O-O 7. Be3 a6 8. a4
exd4 9. Nxd4 Ne5 10. Bb3 Re8 11. Qd2 c5 12. Nde2 Bd7 13. Bd5 Bc6 14. Nf4 b5 15.
f3 Qd7 16. Bxc6 Nxc6 17. O-O b4 18. Ncd5 Nxd5 19. Nxd5 Qb7 20. b3 a5 21. Rfd1
Bf8 22. Bf2 Ne5 23. Ne3 Rad8 24. Qe2 Re6 25. Rd5 g6 26. Rad1 Qe7 27. Nc4 Nxc4
28. Qxc4 Qc7 29. Bg3 Qb6 30. Bf2 Be7 31. Kh1 Rc8 32. Bg3 Qc6 33. e5 Rd8 34. Qb5
Qc7 35. exd6 Bxd6 36. Bxd6 Rexd6 37. Rxd6 Rxd6 38. Qe8+ Kg7 39. Qe5+ Kf8 40.
Qxd6+ Qxd6 41. Rxd6 Ke7 42. Rc6 f5 43. Rxc5 h5 44. Rxa5 Ke6 45. Rc5 g5 46. a5 g4
47. a6 Kd6 48. Rc4 gxf3 49. gxf3 h4 50. a7 f4 51. a8=Q Kd7 52. Qc6+ Ke7 53. Re4+
Kf7 54. Qe6+ Kg7 55. Qe7+ Kg8 56. Qg5+ Kh8 57. Qf6+ Kg8 58. Re8+ Kh7 59. Rh8#
{Black checkmated} 1-0

[Event "Team 45 45 League T38"]
[Site "Internet Chess Club"]
[Date "2008.08.18"]
[Round "4"]
[White "beerss"]
[Black "mewsboy"]
[Result "0-1"]
[WhiteElo "1435"]
[BlackElo "1509"]
[Opening "Bird's opening"]
[ECO "A03"]
[Time "14:00:29"]
[TimeControl "2700+45"]

1. f4 d5 2. Nf3 Nf6 3. e3 Bf5 4. Be2 c5 5. O-O Nc6 6. Bb5 e6 7. Bxc6+ bxc6 8. b3
Bd6 9. Bb2 Rb8 10. d3 O-O 11. Nbd2 Qb6 12. Ne5 a5 13. Ndf3 c4 14. d4 Rb7 15. Qc1
Ne4 16. Nh4 Qb4 17. Nxf5 exf5 18. Nxc6 Qb6 19. Ne5 Qb4 20. c3 Qb6 21. bxc4 Qxb2
22. cxd5 Qxc3 23. Qxc3 Nxc3 24. Nc6 Rb5 25. a4 Rxd5 26. Kh1 f6 27. Rfb1 Nxb1 28.
Rxb1 Rc8 29. Na7 Rc3 30. Nb5 Rxe3 31. Nxd6 Rxd6 32. Rb8+ Kf7 33. g3 Rxd4 34. Rb5
Re2 35. Rb1 Rxa4 36. h4 Rae4 37. h5 Re1+ 38. Rxe1 Rxe1+ 39. Kg2 a4 40. Kf2 Re4
{White resigns} 0-1

[Event "Team 45 45 League T38"]
[Site "Internet Chess Club"]
[Date "2008.08.19"]
[Round "4"]
[White "medsurg"]
[Black "Millwright"]
[Result "0-1"]
[WhiteElo "1262"]
[BlackElo "1355"]
[Opening "French defense"]
[ECO "C00"]
[Time "19:52:57"]
[TimeControl "2700+45"]

1. e4 e6 2. Nf3 d5 3. exd5 exd5 4. d4 Nf6 5. Nc3 Nc6 6. Bg5 Bb4 7. Bd2 O-O 8.
Be2 Be6 9. O-O h6 10. Bd3 Qd7 11. a3 Ba5 12. b4 Bb6 13. Ne2 Bg4 14. Ne5 Nxe5 15.
dxe5 Nh7 16. Bxh7+ Kxh7 17. Be3 Qb5 18. Re1 Bxe3 19. fxe3 Rad8 20. Qd3+ Qxd3 21.
cxd3 Bxe2 22. Rxe2 d4 23. Rc1 c6 24. Rc4 dxe3 25. Rxe3 Rfe8 26. Rce4 Rd5 27. e6
fxe6 28. Rxe6 Rxe6 29. Rxe6 Rxd3 30. Re7 Rxa3 31. Rxb7 Rb3 32. Rc7 Rxb4 33. Rxc6
Rb1+ 34. Kf2 a5 35. Ra6 Ra1 36. g3 a4 37. h4 a3 38. Ke2 a2 39. Kd2 Rg1 {White
resigns} 0-1

[Event "Team 45 45 League T38"]
[Site "Internet Chess Club"]
[Date "2008.08.17"]
[Round "4"]
[White "CoasterBrake"]
[Black "cobra2008"]
[Result "0-1"]
[WhiteElo "1215"]
[BlackElo "1284"]
[Opening "English opening"]
[ECO "A21"]
[Time "14:00:12"]
[TimeControl "2700+45"]

1. c4 e5 2. Nc3 c6 3. Nf3 d6 4. g3 Nf6 5. d3 Be6 6. Bg2 Qc8 7. O-O Be7 8. Bg5 h6
9. Bxf6 Bxf6 10. Ne4 Be7 11. Qc2 Nd7 12. d4 Bg4 13. Rac1 Bxf3 14. Bxf3 exd4 15.
Rfd1 c5 16. e3 dxe3 17. Rxd6 exf2+ 18. Kxf2 O-O 19. Rdd1 Rb8 20. Re1 Nf6 21.
Rcd1 Qh3 22. Ke3 Ng4+ 23. Bxg4 Qxg4 24. Qe2 Bg5+ 25. Kd3 Rbd8+ 26. Kc2 Qxe2+ 27.
Rxe2 Rxd1 28. Kxd1 Rd8+ 29. Kc2 Be7 30. Nc3 Bf6 31. Nd5 Bd4 32. Re7 Rb8 33. b3
Bg1 34. h3 Bf2 35. g4 Bh4 36. Re2 b6 37. Nc7 Bg3 38. Nb5 a6 39. Na7 Rd8 40. Nc6
Rd6 41. Ne7+ Kf8 42. Nf5 Rf6 43. Nxg3 Rf3 44. Rg2 Re3 45. h4 Re1 46. Rd2 g6 47.
Re2 Rg1 48. Re3 Rg2+ 49. Kb1 Rg1+ 50. Kb2 Rg2+ 51. Kc3 Rxa2 52. Ne4 Rh2 53. h5
gxh5 54. Nf6 h4 55. Re8+ Kg7 56. Nh5+ Kh7 57. Re7 Rh3+ 58. Kb2 Rh2+ 59. Ka3 Rf2
60. Ra7 h3 61. Rxa6 h2 62. Ng3 Rg2 63. Rxb6 Rxg3 64. Rb7 Kg7 {White resigns} 0-1

[Event "Team 45 45 League T38"]
[Site "Internet Chess Club"]
[Date "2008.08.15"]
[Round "4"]
[White "katabatico"]
[Black "sdcohle"]
[Result "0-1"]
[WhiteElo "1323"]
[BlackElo "1381"]
[Opening "Ruy Lopez (Spanish opening)"]
[ECO "C60"]
[Time "15:30:12"]
[TimeControl "2700+45"]

1. e4 e5 2. Nf3 Nc6 3. Bb5 Bd6 4. O-O Nf6 5. d3 O-O 6. Bg5 Re8 7. Nc3 a6 8. Ba4
b5 9. Bb3 Be7 10. a3 Bb7 11. Re1 d6 12. Ne2 Nd7 13. Bxe7 Qxe7 14. Ng3 h6 15. Nf5
Qf6 16. c3 Ne7 17. Ne3 Nb6 18. a4 bxa4 19. Bxa4 Nxa4 20. Rxa4 d5 21. Qb3 Rab8
22. Qa2 Red8 23. Ng4 Qe6 24. Ngxe5 dxe4 25. Qxe6 fxe6 26. dxe4 Rd6 27. c4 Rbd8
28. Raa1 c5 29. h3 g5 30. Ng4 Kg7 31. Nfe5 Rf8 32. f3 Ng6 33. Nxg6 Kxg6 34. Ne5+
Kf6 35. Ng4+ Kg6 36. Ra5 h5 37. Ne5+ Kf6 38. Rxc5 Rc8 39. Ra5 Rd2 40. b4 Rb2 41.
Nd7+ Ke7 42. Rxg5 Kxd7 43. Rd1+ Kc7 44. Rg7+ Kb8 45. Rdd7 Rxb4 46. Rg5 Rbxc4 47.
Rxh5 R4c5 48. Rh6 e5 49. Kh2 a5 50. Rb6 R8c7 51. Rd8+ Ka7 52. Rb1 R7c6 53. h4 a4
54. Rd3 Rb6 55. Ra1 Ra5 56. h5 Ba6 57. Rd7+ Bb7 58. g4 a3 59. g5 a2 60. h6 Rb1
61. h7 Rxa1 62. h8=Q Rh1+ 63. Kxh1 a1=Q+ 64. Kg2 Ra2+ {White resigns} 0-1

[Event "Team 45 45 League T38"]
[Site "Internet Chess Club"]
[Date "2008.08.18"]
[Round "4"]
[White "Dalcon"]
[Black "pmatlock"]
[Result "0-1"]
[WhiteElo "1259"]
[BlackElo "1312"]
[Opening "French: advance, Nimzovich system"]
[ECO "C02"]
[Time "18:01:42"]
[TimeControl "2700+45"]

1. e4 e6 2. d4 d5 3. e5 c5 4. Nf3 Nc6 5. Bb5 Bd7 6. Bxc6 Bxc6 7. O-O Qb6 8. c3
Bb5 9. Re1 Nh6 10. Bxh6 gxh6 11. b3 cxd4 12. cxd4 Bb4 13. Re3 O-O-O 14. a3 Be7
15. b4 Bc4 16. Rc3 Kb8 17. Nbd2 Rc8 18. Nxc4 Rxc4 19. Rxc4 dxc4 20. Rc1 Rc8 21.
Rc3 Bg5 22. d5 f6 23. d6 Qb5 24. d7 Rd8 25. Qd6+ Ka8 26. Qxe6 Qxd7 27. Qxd7 Rxd7
28. g3 Rd1+ 29. Kg2 Rd3 30. Rxc4 a6 31. Nxg5 hxg5 32. e6 Rd8 33. Rc7 h5 34. Rd7
Re8 35. e7 Ka7 36. Rd6 Rxe7 37. Rxf6 Re5 38. h4 a5 39. hxg5 Rxg5 40. Rf4 Ka6 41.
bxa5 Rxa5 42. a4 Rg5 43. Kh3 b6 44. f3 Ra5 45. Kh4 b5 46. axb5+ Rxb5 47. g4 hxg4
48. Kxg4 Rb1 49. Kf5 Rf1 50. Kf6 Kb6 51. Rf5 Kc6 52. f4 Kd6 53. Kf7 Re1 54. Kf8
Re7 55. Rf6+ Re6 56. f5 Rxf6+ {White resigns} 0-1

[Event "Team 45 45 League T38"]
[Site "Internet Chess Club"]
[Date "2008.08.17"]
[Round "4"]
[White "alaskauk"]
[Black "GolfSuper"]
[Result "1-0"]
[WhiteElo "1504"]
[BlackElo "1588"]
[Opening "Sicilian, Chekhover variation"]
[ECO "B53"]
[Time "13:00:15"]
[TimeControl "2700+45"]

1. e4 c5 2. Nf3 d6 3. d4 cxd4 4. Qxd4 Nf6 5. Nc3 a6 6. Bg5 Nc6 7. Qd2 e6 8.
O-O-O Be7 9. h4 b5 10. Bxf6 Bxf6 11. Qxd6 Qxd6 12. Rxd6 Bb7 13. Be2 O-O 14. g4
Rad8 15. Rd2 b4 16. Rxd8 Rxd8 17. Nd1 Nd4 18. Nxd4 Bxd4 19. f3 a5 20. Bb5 Kf8
21. Rh2 Ke7 22. Rd2 e5 23. c3 bxc3 24. bxc3 Bc5 25. Kc2 Rxd2+ 26. Kxd2 Kd6 27.
a4 f6 28. Ne3 Bxe3+ 29. Kxe3 Kc5 30. c4 Bc6 31. Kd3 Bb7 32. Ke3 Bc8 33. Kd3 Be6
34. Kc3 g6 35. Ba6 f5 36. g5 f4 37. Bb5 Bh3 38. Be8 Bg2 39. h5 gxh5 40. Bxh5 Bf1
41. Bg4 Bxc4 42. Bf5 Bg8 43. Bg4 Bf7 44. Bh3 Bg6 45. Bg4 Bf7 46. Bh3 Kd6 47. Bg2
Ke7 48. Bf1 Bh5 49. Be2 Kf8 50. Kc4 Kg7 51. Kb5 Be8+ 52. Kxa5 Kg6 53. Bb5 Bf7
54. Kb6 Kxg5 55. a5 h5 56. a6 h4 57. a7 h3 58. a8=Q h2 59. Qa1 Kh4 60. Qe1+ Kh5
61. Qh1 {Black resigns} 1-0

[Event "Team 45 45 League T38"]
[Site "Internet Chess Club"]
[Date "2008.08.15"]
[Round "4"]
[White "mrmarck"]
[Black "kingphisch"]
[Result "1-0"]
[WhiteElo "1389"]
[BlackElo "1447"]
[Opening "QGD Slav: 4.e3"]
[ECO "D11"]
[Time "13:01:21"]
[TimeControl "2700+45"]

1. d4 d5 2. c4 c6 3. Nf3 Nf6 4. e3 e6 5. Be2 Nbd7 6. O-O Be7 7. Nbd2 dxc4 8.
Nxc4 b5 9. Nce5 Bb7 10. b3 Nxe5 11. Nxe5 O-O 12. Bf3 Nd5 13. Bb2 Bf6 14. Nd3 Be7
15. Rc1 a5 16. Nc5 Bxc5 17. dxc5 Nb4 18. a3 Nd3 19. Rc2 Nxb2 20. Rxb2 Qe7 21.
Qd6 Qxd6 22. cxd6 Rad8 23. Rd1 Rd7 24. Rbd2 Rfd8 25. g3 f6 26. h4 Kf7 27. h5 g6
28. hxg6+ hxg6 29. Rd4 e5 30. Rh4 Kg7 31. Kg2 Rh8 32. Rxh8 Kxh8 33. g4 Kg7 34.
Kg3 g5 35. Be4 Kf7 36. Bf5 Rd8 37. Rh1 Ba8 38. Rh7+ Kg8 39. d7 c5 40. Re7 Kf8
41. Rh7 Bc6 42. Be6 b4 43. Rf7+ Kg8 44. Rxf6+ Kg7 45. Rf7+ Kg8 46. axb4 cxb4 47.
Rf5+ Kg7 48. Rxe5 Bxd7 49. Bxd7 Rxd7 50. Rxg5+ Kf6 51. Rxa5 Rd3 52. Kf4 Rxb3 53.
g5+ Kg6 54. Ra6+ Kg7 55. Kf5 Ra3 56. Rb6 b3 57. e4 Ra2 58. f4 b2 59. e5 Ra7 60.
Rxb2 Rf7+ 61. Kg4 Re7 62. Rb6 Rc7 63. g6 Re7 64. Kg5 Rc7 65. f5 {Black resigns}
1-0

[Event "Team 45 45 League T38"]
[Site "Internet Chess Club"]
[Date "2008.08.17"]
[Round "4"]
[White "bajerk"]
[Black "slakkjaw"]
[Result "1-0"]
[WhiteElo "1389"]
[BlackElo "1270"]
[Opening "Bishop's opening: Berlin defense"]
[ECO "C24"]
[Time "01:02:16"]
[TimeControl "2700+45"]

1. e4 e5 2. Bc4 Nf6 3. d3 Nc6 4. a3 d5 5. exd5 Nxd5 6. h3 Be6 7. Nf3 Bd6 8. Ng5
Qd7 9. Nxe6 fxe6 10. Qh5+ g6 11. Qf3 Be7 12. Bh6 Nd4 13. Qd1 O-O-O 14. Bg7 Rhg8
15. Bxe5 Nc6 16. Bg3 Rgf8 17. b4 Nb6 18. Ba2 Bf6 19. c3 Qxd3 20. Qxd3 Rxd3 21.
Bxe6+ Kb8 22. O-O Bxc3 23. Nxc3 Rxc3 24. Rfc1 Na4 25. Bd7 Nd4 26. Kh2 Rxc1 27.
Rxc1 Nb2 28. Bxc7+ Ka8 29. Be5 Nd3 30. Bg7 Rd8 31. Rc4 Nf5 32. Bf6 Rf8 33. Bxf5
gxf5 34. Bd4 b6 35. Rc7 h6 36. f3 Rd8 37. Bf6 Rg8 38. Rg7 Rxg7 39. Bxg7 h5 40.
Kg3 Ne1 41. Bc3 Nc2 42. Bb2 b5 43. Bc1 Kb7 44. Kh4 Ne1 45. g3 Nxf3+ 46. Kxh5 Kc6
47. Be3 a6 48. Kg6 Kd6 49. Kxf5 Ne1 50. h4 Ke7 51. h5 Kf7 52. g4 Nc2 53. Bc1
Nd4+ 54. Ke4 Ne6 55. g5 Kg7 56. Ke5 Nf8 57. Kd6 Nh7 58. Kc6 Nf8 59. Kb6 Nd7+ 60.
Kxa6 Ne5 61. Kxb5 Nd3 62. Be3 Ne1 63. a4 Ng2 64. Bd4+ Kh7 65. h6 Kg6 66. Bf6 Nf4
67. a5 Nd5 68. Bd8 Nc3+ 69. Ka6 Ne4 70. b5 Nd6 71. b6 {Black resigns} 1-0

[Event "Team 45 45 League T38"]
[Site "Internet Chess Club"]
[Date "2008.08.17"]
[Round "4"]
[White "jocooper"]
[Black "otib2006"]
[Result "0-1"]
[WhiteElo "1168"]
[BlackElo "1260"]
[Opening "King's Indian: 4.e4"]
[ECO "E70"]
[Time "09:03:22"]
[TimeControl "2700+45"]

1. d4 Nf6 2. c4 g6 3. Nc3 Bg7 4. e4 d6 5. Bd3 O-O 6. Nf3 Nc6 7. O-O Bd7 8. e5
dxe5 9. dxe5 Ng4 10. Re1 Ngxe5 11. Nxe5 Nxe5 12. Be2 Qc8 13. Nd5 Re8 14. b3 Nf3+
15. Bxf3 Bxa1 16. Bh6 Bg7 17. Nxe7+ Rxe7 18. Rxe7 Bc6 19. Bxg7 Bxf3 20. Qxf3 Qf5
21. Bf6 Qb1+ {White resigns} 0-1

[Event "Team 45 45 League T38"]
[Site "Internet Chess Club"]
[Date "2008.08.15"]
[Round "4"]
[White "akdog3"]
[Black "NFork"]
[Result "0-1"]
[WhiteElo "2224"]
[BlackElo "2164"]
[Opening "Benoni: Uhlmann variation"]
[ECO "A61"]
[Time "13:00:37"]
[TimeControl "2700+45"]

1. d4 Nf6 2. c4 c5 3. d5 e6 4. Nc3 exd5 5. cxd5 g6 6. Nf3 d6 7. Bg5 h6 8. Bh4
Bg7 9. e4 O-O 10. Nd2 Re8 11. Be2 a6 12. a4 Nbd7 13. O-O g5 14. Bg3 Ne5 15. Qc2
Qc7 16. f4 gxf4 17. Bxf4 Bg4 18. Rae1 Bxe2 19. Nxe2 Nh5 20. Ng3 Nxg3 21. Bxg3 b5
22. b3 Rac8 23. Bxe5 Bxe5 24. Nf3 Bf6 25. Qd2 Kg7 26. e5 dxe5 27. Re4 Qd7 28.
Nh4 Bxh4 29. Rxh4 Rc6 30. Rf3 Rg6 31. Rg3 Rh8 32. d6 Rxg3 33. hxg3 Qe6 34. axb5
axb5 35. Qe2 Qxd6 36. Qxb5 Rb8 37. Qf1 Qe6 38. Rc4 Rxb3 39. Rxc5 Qb6 40. Qc4
Rxg3 41. Kh2 Qg6 42. Qd5 Rg5 43. Rb5 Qf6 44. Qe4 Qg6 45. Qd5 Qf5 46. Rb4 Qf2 47.
Qf3 Qc5 48. Rb7 Qc4 49. Rb6 Qh4+ 50. Kg1 Qd4+ 51. Qf2 Qd1+ 52. Qf1 Qxf1+ 53.
Kxf1 Rg6 54. Rb5 Kf6 55. Kf2 Kf5 56. Kf3 h5 57. Ra5 Rb6 58. Ra8 Rb3+ 59. Kf2 Kf4
60. Rh8 Rb2+ 61. Kg1 e4 62. Rxh5 Rb1+ 63. Kf2 e3+ 64. Ke2 Rb2+ 65. Kf1 Rf2+ 66.
Kg1 f5 67. Rh8 Ra2 68. Kf1 Rf2+ 69. Kg1 Ke4 70. Ra8 Rd2 71. Kf1 f4 72. Ra4+ Rd4
73. Ra8 Rd1+ 74. Ke2 Rd2+ 75. Kf1 Rf2+ 76. Kg1 Kd3 77. Ra3+ Kc4 78. Ra4+ Kb3 79.
Ra8 Rc2 80. Kf1 Rc1+ 81. Ke2 Rc2+ 82. Kf1 Rf2+ 83. Kg1 Kc3 84. Ra3+ Kd4 85. Ra8
Kd3 86. Ra3+ Ke4 87. Ra8 Kf5 88. Rf8+ Ke4 89. Ra8 Rd2 90. Kf1 Rd1+ 91. Ke2 Rg1
92. Rg8 Rxg2+ 93. Rxg2 f3+ {White resigns} 0-1

[Event "Team 45 45 League T38"]
[Site "Internet Chess Club"]
[Date "2008.08.14"]
[Round "4"]
[White "eurander"]
[Black "bbentrup"]
[Result "1-0"]
[WhiteElo "2161"]
[BlackElo "2189"]
[Opening "Modern defense"]
[ECO "A40"]
[Time "18:00:14"]
[TimeControl "2700+45"]

1. d4 g6 2. Nf3 Bg7 3. Bg5 c5 4. c3 Qb6 5. Qc2 cxd4 6. cxd4 Nc6 7. e3 d6 8. Nc3
Bf5 9. Bd3 Nf6 10. Bxf5 gxf5 11. O-O e6 12. d5 Nb4 13. Qa4+ Nd7 14. dxe6 fxe6
15. Rad1 Rc8 16. Nb5 Nd5 17. Nfd4 Bxd4 18. Nxd4 Nc7 19. Rc1 Rg8 20. Nxe6 Rxg5
21. Nxg5 h6 22. Ne6 Ke7 23. Nxc7 Rxc7 24. Rxc7 Qxc7 25. Qxa7 Nc5 26. Qa3 Qb6 27.
Qc3 Ke6 28. Qd4 Qa6 29. Rd1 Ne4 30. f3 Ng5 31. Qd5+ Ke7 32. Qxf5 Qxa2 33. Qb5
Qa7 34. Kf2 Ne6 35. Qb4 Nc5 36. Qh4+ Kd7 37. Qxh6 Qa4 38. Qxd6+ {Black resigns}
1-0

[Event "Team 45 45 League T38"]
[Site "Internet Chess Club"]
[Date "2008.08.15"]
[Round "4"]
[White "DTK"]
[Black "nardz"]
[Result "1-0"]
[WhiteElo "2156"]
[BlackElo "2063"]
[Opening "Sicilian"]
[ECO "B50"]
[Time "22:59:52"]
[TimeControl "2700+45"]

1. e4 c5 2. Nf3 d6 3. c3 Nf6 4. Bd3 Bg4 5. Bc2 Nc6 6. d3 e6 7. Nbd2 d5 8. h3 Bh5
9. Qe2 Be7 10. Nf1 c4 11. dxc4 dxe4 12. Bxe4 Nxe4 13. Qxe4 Bg6 14. Qe3 O-O 15.
Ng3 Qc7 16. O-O Rad8 17. Ne4 b6 18. Re1 Rd7 19. Qf4 e5 20. Qg3 Rfd8 21. b4 f6
22. Bb2 Rd3 23. Re2 Qb7 24. Rae1 f5 25. Neg5 e4 26. Qf4 Bd6 27. Qh4 exf3 28. Re6
Be7 29. Rxg6 Bxg5 30. Rxg5 Rd1 31. Rxd1 Rxd1+ 32. Kh2 fxg2 33. Qh5 Qd7 34. Rxg2
Ne5 35. c5 g6 36. Qe2 Nf7 37. f4 bxc5 38. bxc5 Rd5 39. Qe3 Nd8 40. c4 Rd3 41.
Qe5 Kf7 42. Qf6+ Ke8 43. Re2+ {Black resigns} 1-0

[Event "Team 45 45 League T38"]
[Site "Internet Chess Club"]
[Date "2008.08.16"]
[Round "4"]
[White "JustinSane"]
[Black "Ser-Enigma"]
[Result "1-0"]
[WhiteElo "2079"]
[BlackElo "2097"]
[Opening "Nimzovich-Larsen attack: modern variation"]
[ECO "A01"]
[Time "13:21:18"]
[TimeControl "2700+45"]

1. b3 e5 2. Bb2 Nc6 3. c4 Nf6 4. d3 d5 5. cxd5 Nxd5 6. Nf3 Bd6 7. e3 O-O 8. Be2
Qe7 9. a3 a5 10. Nbd2 f6 11. O-O Be6 12. Kh1 Rfd8 13. Rg1 Qd7 14. Qc2 Bf7 15. g4
g5 16. d4 exd4 17. Nxd4 Nxd4 18. Bxd4 c5 19. Bb2 Rac8 20. Bf3 Qe7 21. Rad1 b5
22. Ne4 Be5 23. Ng3 c4 24. Nf5 Qe8 25. Bxe5 Qxe5 26. Nh6+ Kg7 27. Nxf7 Kxf7 28.
Qxh7+ Ke6 29. Qb7 cxb3 30. Rxd5 Rxd5 31. Qxc8+ Rd7 32. Bc6 Qd6 33. Qxd7+ Qxd7
34. Bxd7+ Kxd7 35. Kg2 Kd6 36. Kf3 Kd5 37. Ke2 b4 38. axb4 a4 39. Kd3 {Black
resigns} 1-0

[Event "Team 45 45 League T38"]
[Site "Internet Chess Club"]
[Date "2008.08.17"]
[Round "4"]
[White "menorca"]
[Black "AlonzoMosely"]
[Result "1-0"]
[WhiteElo "2188"]
[BlackElo "2357"]
[Opening "King's Indian: orthodox, Aronin-Taimanov variation (Yugoslav attack / Mar del Plata variation)"]
[ECO "E97"]
[Time "11:03:12"]
[TimeControl "2700+45"]

1. d4 Nf6 2. c4 g6 3. Nc3 Bg7 4. e4 d6 5. Nf3 O-O 6. Be2 e5 7. O-O Nc6 8. d5 Ne7
9. Nd2 a5 10. a3 Nd7 11. Rb1 f5 12. b4 Kh8 13. f3 Ng8 14. bxa5 Rxa5 15. Nb3 Ra8
16. a4 Ndf6 17. c5 Nh5 18. cxd6 cxd6 19. Be3 Nf4 20. Kh1 Nf6 21. a5 N6h5 22. Nb5
Qe7 23. Rc1 Bd7 24. Qd2 Nxe2 25. Qxe2 Nf4 26. Bxf4 exf4 27. Nc7 Rab8 28. Qd3
fxe4 29. fxe4 Be5 30. Nd4 g5 31. Nce6 Rf7 32. Qa3 Bxd4 33. Nxd4 Qxe4 34. Qxd6
Re8 35. Nf3 Qf5 36. Rfe1 Kg7 37. Rxe8 Bxe8 38. h3 Qf6 39. Qxf6+ Kxf6 40. Rc8 Bb5
41. Kg1 h6 42. Kf2 Rd7 43. Rc5 Ba6 44. h4 g4 45. Nd4 Ke5 46. Ne6 g3+ 47. Kf3 Bd3
48. Nxf4 Be4+ 49. Ke3 Re7 50. Rb5 Bc2 51. Rb4 Kf5+ 52. Ne6 Ke5 53. Kf3 Kxd5 54.
Nf4+ Kc5 55. Rb2 Be4+ 56. Kxg3 Rf7 57. Rb6 Bc6 58. Kg4 Re7 59. Kf5 Kd4 60. Ne6+
Kd5 61. Nd8 Re5+ 62. Kf6 Re8 63. Nxc6 bxc6 64. g4 c5 65. g5 hxg5 66. hxg5 c4 67.
g6 c3 68. Rb1 Re2 69. g7 Rf2+ 70. Ke7 Rg2 71. Kf7 Rf2+ 72. Kg8 Ra2 73. Rh1
{Black resigns} 1-0

[Event "Team 45 45 League T38"]
[Site "Internet Chess Club"]
[Date "2008.08.16"]
[Round "4"]
[White "RONENOSH9"]
[Black "lapau"]
[Result "0-1"]
[WhiteElo "2085"]
[BlackElo "2110"]
[Opening "Sicilian defense"]
[ECO "B40"]
[Time "14:00:15"]
[TimeControl "2700+45"]

1. e4 c5 2. Nf3 e6 3. Nc3 d6 4. d4 cxd4 5. Qxd4 Nc6 6. Bb5 Bd7 7. Bxc6 Bxc6 8.
Bg5 Qa5 9. O-O h6 10. Bd2 Qc5 11. Qd3 Nf6 12. b4 Qh5 13. Nd4 Be7 14. Nxc6 bxc6
15. Qa6 O-O 16. Qxc6 Rfc8 17. Qb7 Bf8 18. f4 Rcb8 19. Qc6 Rc8 20. Qa6 d5 21. e5
Ng4 22. h3 Ne3 23. Bxe3 Rxc3 24. Bxa7 Rc7 25. Qd3 Rcxa7 26. Qb3 Ra3 27. Qb2 Qg6
28. Rfd1 Qe4 29. Rd4 Qe3+ 30. Kh1 Rxa2 {White resigns} 0-1